 Dungeon Crawl Stone Soup version 0.26.0-7-g794d0892b4 (webtiles) character file.

Game seed: 17590565497468187338

4340 howech the Twirler (level 10, -1/86 HPs)
             Began as a Minotaur Gladiator on Jan 12, 2021.
             Was a Follower of Cheibriados.
             Slain by a troll (10 damage)
             ... on level 9 of the Dungeon.
             The game lasted 00:23:55 (9398 turns).

howech the Twirler (Minotaur Gladiator)             Turns: 9398, Time: 00:23:55

Health: -1/86      AC: 12    Str: 28    XL:     10   Next: 12%
Magic:  11/14      EV: 12    Int: 10    God:    Cheibriados [*.....]
Gold:   565        SH:  0    Dex: 18    Spells: 16/16 levels left

rFire    + . .     SeeInvis .   a - +0 quarterstaff
rCold    . . .     Faith    .   (shield currently unavailable)
rNeg     + . .     Spirit   .   q - +0 plate armour
rPois    +         Reflect  .   c - +0 hat
rElec    .         Harm     .   (no cloak)
rCorr    .         Rampage  .   (no gloves)
Will     .....                  (no boots)
Stlth    ..........             (no amulet)
HPRegen  0.24/turn              j - ring of positive energy
MPRegen  0.14/turn              i - ring of Ruurriagh {*Slow rPois rF+ Str+6 Dex+2}

@: studying Staves, very slow
A: retaliatory headbutt, horns 2
a: Renounce Religion, Bend Time


You were on level 9 of the Dungeon.
You worshipped Cheibriados.
Cheibriados was aware of your devotion.
You visited 2 branches of the dungeon, and saw 10 of its levels.

You collected 565 gold pieces.

Inventory:

Hand Weapons
 a - a +0 quarterstaff (weapon)
 h - a +0 mace of protection
 u - a +3 battleaxe
 v - a +3 vorpal war axe
 E - a +2 vorpal hand axe
Missiles
 d - 3 throwing nets
 w - 19 poisoned darts (quivered)
Armour
 c - a +0 hat (worn)
 o - a +0 leather armour
 q - a +0 plate armour (worn)
 D - a +1 chain mail of cold resistance
Jewellery
 i - the ring of Ruurriagh (right hand) {*Slow rPois rF+ Str+6 Dex+2}
   (You found it on level 4 of the Dungeon)

   [ring of protection from fire]

   It affects your strength (+6).
   It affects your dexterity (+2).
   It protects you from fire.
   It protects you from poison.
   It may slow you when you take damage.
 j - a ring of positive energy (left hand)
Wands
 f - a wand of digging (6)
 n - a wand of polymorph (24)
 s - a wand of paralysis (18)
Scrolls
 e - a scroll of enchant armour
 k - a scroll of immolation
 l - 2 scrolls of teleportation
 m - 4 scrolls of remove curse
 p - a scroll of fog
 r - a scroll of blinking
 B - a scroll of acquirement
 F - a scroll of identify
Potions
 b - 2 potions of ambrosia {unknown}
 t - a potion of mutation {unknown}
 x - 3 potions of curing
 z - 2 potions of resistance {unknown}
 A - a potion of flight {unknown}
 C - a potion of haste
Books
 g - a manual of Staves


   Skills:
 + Level 7.2 Fighting
 + Level 4.4 Axes
 + Level 7.7 Staves
 + Level 5.9 Throwing
 + Level 6.4 Armour
 + Level 6.9 Dodging
 + Level 3.6 Spellcasting
 + Level 2.4 Invocations
 + Level 2.0 Evocations


You had 16 spell levels left.
You didn't know any spells.
Your spell library contained the following spells:

 Spells                   Type           Power        Failure   Level
 Freeze                   Ice            4%           95%         1
 Frozen Ramparts          Ice            2%           100%        3
 Ozocubu's Armour         Ice            1%           100%        3
 Hailstorm                Conj/Ice       1%           100%        4
 Summon Ice Beast         Ice/Summ       1%           100%        4


Dungeon Overview and Level Annotations

Branches:
Dungeon (9/15)             Temple (1/1) D:4
   Lair: D:8-11         Orc: D:9-12

Altars:
Ashenzari
Cheibriados
Dithmenos
Elyvilon
Fedhas
Gozag
Hepliaklqana
Kikubaaqudgha
Makhleb
Nemelex Xobeh
Okawaru
Qazlal
Ru
Sif Muna
Trog
Vehumet
Wu Jian
Xom
Yredelemnul
Zin
The Shining One

Shops:
D:7 ?


Innate Abilities, Weirdness & Mutations

You reflexively headbutt those who attack you in melee.
You have a pair of horns on your head.


Message History

The troll claws you but does no damage. The troll barely misses you.
You hit the troll but do no damage. You headbutt the troll.
The troll is heavily wounded.
The troll bites you! The troll closely misses you. The troll claws you.
You closely miss the troll. Your headbutt misses the troll.
The troll is heavily wounded.
You hear some strange, mumbled words.
The troll bites you! The troll closely misses you. The troll claws you.
* * * LOW HITPOINT WARNING * * *
The flow of time bends around you.
The troll resists with some effort.
The troll bites you.
* * * LOW HITPOINT WARNING * * *
The troll completely misses you. The troll claws you.
* * * LOW HITPOINT WARNING * * *
You sock the troll! Your headbutt misses the troll.
The troll is severely wounded.
The troll barely misses you. The troll claws you.
* * * LOW HITPOINT WARNING * * *
The troll claws you!
You die...

... .. .. .#
# #.###.#
##.##.#...#
##
#........#
o.
#......o.#o#
#.....{Y...#
##.####T####
#@# #.# #.#
#.# #.# #..
###


You could see a troll, an ice beast and an orc.

Vanquished Creatures
  Harold (D:8)
  A two-headed ogre (D:8)
  Grinder (D:5)
  Prince Ribbit (D:8)
  Grum (D:8)
  Edmund (D:4)
  A necrophage (D:8)
  2 wolves (D:8)
  3 ogres
  4 centaurs
  2 bullfrogs
  A wyvern zombie (D:8)
  A scorpion (D:8)
  4 killer bees (D:8)
  4 wights (D:6)
  2 howler monkeys (D:8)
  An orc priest (D:5)
  2 hounds
  2 jellies
  4 orc wizards
  Natasha (thrice) (D:4)
  7 worker ants
  A worker ant zombie (D:6)
  12 gnolls
  A howler monkey skeleton (D:6)
  5 adders
  A white imp (D:5)
  6 ufetubi
  An ooze (D:1)
  An adder skeleton (D:4)
  An adder zombie (D:7)
  2 dart slugs (D:1)
  2 worms
  2 leopard geckos
  21 orcs
  6 bats
  4 giant cockroaches
  7 goblins
  6 hobgoblins
  13 jackals
  3 quokkas
  2 ball pythons
  4 frilled lizards
  10 kobolds
  2 quokka skeletons
  9 rats
171 creatures vanquished.

Vanquished Creatures (others)
  A sky beast (D:8)
  2 plants (D:1)
3 creatures vanquished.

Grand Total: 174 creatures vanquished

Notes
Turn   | Place    | Note
-------+----------+-------------------------------------------
     0 | D:1      | howech the Minotaur Gladiator began the quest for the Orb.
     0 | D:1      | Reached XP level 1. HP: 18/18 MP: 0/0
    97 | D:1      | Reached XP level 2. HP: 26/26 MP: 1/1
   260 | D:1      | Found an iron altar of Okawaru.
   515 | D:1      | Reached XP level 3. HP: 26/31 MP: 2/2
  1006 | D:2      | Reached skill level 1 in Armour
  1226 | D:2      | Reached XP level 4. HP: 32/38 MP: 3/3
  2432 | D:3      | Found a broken altar of Ashenzari.
  3043 | D:4      | Reached XP level 5. HP: 46/46 MP: 4/4
  3343 | D:4      | Reached skill level 1 in Spellcasting
  3346 | D:4      | Got a fine bone ring
  3362 | D:4      | Identified the ring of Ruurriagh {*Slow rPois rF+ Str+6
                  | Dex+2} (You found it on level 4 of the Dungeon)
  3544 | D:4      | Found a staircase to the Ecumenical Temple.
  3548 | Temple   | Entered the Ecumenical Temple
  3856 | D:4      | Found a sparkling altar of Nemelex Xobeh.
  3861 | D:4      | Noticed Natasha
  3873 | D:4      | Killed Natasha
  3878 | D:4      | Noticed Edmund
  3891 | D:4      | Killed Edmund
  3892 | D:4      | Reached XP level 6. HP: 43/52 MP: 6/6
  3895 | D:4      | Reached skill level 5 in Staves
  4265 | D:4      | Noticed Natasha
  4285 | D:4      | Killed Natasha
  4434 | D:4      | Noticed Natasha
  4438 | D:4      | Killed Natasha
  4451 | D:5      | Entered Level 5 of the Dungeon
  4764 | D:5      | Reached XP level 7. HP: 49/60 MP: 8/8
  4840 | D:5      | Noticed Grinder
  4844 | D:5      | Paralysed by Grinder for 3 turns
  4854 | D:5      | Killed Grinder
  5115 | D:5      | Found an ornate altar of the Wu Jian Council.
  5115 | D:5      | Found a stormy altar of Qazlal.
  5121 | D:5      | Paralysed by an orc priest for 4 turns
  5127 | D:5      | Paralysed by an orc priest for 4 turns
  5328 | D:5      | Reached skill level 5 in Dodging
  5650 | D:5      | Reached skill level 5 in Fighting
  5716 | D:5      | Found a glowing golden altar of the Shining One.
  5878 | D:6      | Reached XP level 8. HP: 66/68 MP: 10/10
  6373 | D:6      | Reached skill level 1 in Axes
  6631 | D:6      | Found a glowing silver altar of Zin.
  7536 | D:7      | Found a shimmering blue altar of Sif Muna.
  7536 | D:7      | Found a shimmering altar of Xom.
  7610 | D:7      | Found a snail-covered altar of Cheibriados.
  7618 | D:7      | Became a worshipper of Cheibriados the Contemplative
  7622 | D:7      | Found a sacrificial altar of Ru.
  7626 | D:7      | Found a radiant altar of Vehumet.
  7768 | D:7      | Reached skill level 5 in Armour
  7793 | D:7      | Got an ancient leather armour
  7794 | D:7      | Identified the cursed +1 leather armour of the Sunfish
                  | {Int+3} (You found it on level 7 of the Dungeon)
  7826 | D:7      | Found Xucigiry's Magic Scroll Boutique.
  7845 | D:7      | Found a shadowy altar of Dithmenos.
  8255 | D:8      | Noticed Prince Ribbit
  8363 | D:8      | Noticed a two-headed ogre
  8378 | D:8      | Killed a two-headed ogre
  8379 | D:8      | Reached skill level 5 in Throwing
  8379 | D:8      | Reached XP level 9. HP: 42/78 MP: 12/12
  8590 | D:8      | Noticed Grum
  8598 | D:8      | Reached skill level 1 in Invocations
  8605 | D:8      | Killed Grum
  8606 | D:8      | Reached skill level 1 in Evocations
  8653 | D:8      | Reached * piety under Cheibriados
  9043 | D:8      | Noticed Harold
  9065 | D:8      | Killed Harold
  9066 | D:8      | Reached XP level 10. HP: 67/86 MP: 8/14
  9247 | D:8      | Killed Prince Ribbit
  9371 | D:8      | Identified 2 scrolls of acquirement
  9371 | D:8      | Acquired a manual of Staves
  9398 | D:9      | Slain by a troll

Illustrated notes

Levels and vault maps discovered:
D:1:      roderic_crossed_star, layout_loops_ring, serial_bayou_ford_a,
          okawaru_ov_weapons_minmay
D:2:      layout_loops_ring
D:3:      minmay_spotlight, layout_loops_corners, nicolae_ashenzari_panopticon
D:4:      layout_basic, nemelex_xobeh_ov_fountains_minmay,
          minmay_temple_entry_glassed_door, uniq_edmund, uniq_natasha
D:5:      layout_gridville, tso_oasis_becter,
          chequers_temple_overflow_statue_of_worship, uniq_grinder
D:6:      layout_loops_ring, kennysheep_little_box, kennysheep_generic_room_7
D:7:      layout_loops_corners, general_overflow_altar,
          minmay_overflow_temple_star_hex, serial_shops, shop
D:8:      layout_basic, enter_bailey_2, minivault_27, uniq_harold,
          uniq_prince_ribbit1, uniq_grum
D:9:      layout_basic, marbit_many_paths, st_stairs_1
Temple:   jpeg_temple_island

Skill      XL: |  1  2  3  4  5  6  7  8  9 10 |
---------------+-------------------------------+-----
Fighting       | 3 4 5 6 7 |  7.2
Staves         | 4 5 7 |  7.7
Armour         | 1 2 3 4 5 6 |  6.4
Dodging        | 4 5 6 |  6.9
Spellcasting   | 1 2 3 |  3.6
Throwing       | 3 4 5 |  5.9
Axes           | 3 4 |  4.4
Invocations    | 2 |  2.4
Evocations     | 1 2 |  2.0

Action                   |  1- 3 |  4- 6 |  7- 9 | 10-12 || total
-------------------------+-------+-------+-------+-------++-------
Melee: Quarterstaff      |    62 |   141 |   232 |    20 ||   455
       Headbutt          |     5 |    24 |    54 |     7 ||    90
       War axe           |       |       |     3 |       ||     3
Throw: Throwing net      |       |     2 |     1 |       ||     3
       Dart              |       |       |    20 |       ||    20
Invok: Bend Time         |       |       |     2 |     1 ||     3
  Use: Scroll            |       |     7 |     4 |     6 ||    17
       Potion            |       |     5 |       |       ||     5
Armor: Leather armour    |    13 |    29 |     9 |       ||    51
       Plate armour      |       |       |    36 |    10 ||    46
Dodge: Dodged            |    53 |    87 |   142 |    12 ||   294
